 Seeded DCSS version 0.29-a0-923-g6e406bff71 (webtiles) character file.

Game seed: 20220728 (custom seed)

119 purpskrrrp the Covert (level 5, -12/36 HPs)
             Began as an Octopode Delver on July 28, 2022.
             Killed from afar by an acid dragon (17 damage)
             ... with a splash of acid
             ... on level 4 of the Dungeon.
             The game lasted 00:02:01 (210 turns).

purpskrrrp the Covert (Octopode Delver)              Turns: 210, Time: 00:02:02

Health: -12/36     AC:  1    Str: 14    XL:     5   Next: 3%
Magic:  5/5        EV: 13    Int: 12    God:
Gold:   13         SH:  0    Dex: 13    Spells: 4/4 levels left

rFire   . . .      SeeInvis .   g - +2 quarterstaff (vorpal)
rCold   . . .      Faith    .   (shield currently unavailable)
rNeg    . . .      Spirit   .   (helmet restricted)
rPois   .          Reflect  .   (no amulet)
rElec   .          Harm     .   (no ring)
rCorr   .          Rampage  .   (no ring)
Will    .....                   (no ring)
Stlth   +++++.....              (no ring)
HPRegen 0.12/turn               (no ring)
MPRegen 0.09/turn               (no ring)
                                (no ring)
                                (no ring)

@: no status effects
A: almost no armour, amphibious, 8 rings, camouflage 1, gelatinous body 1,
(nimble swimmer 1), tentacles
a: no special abilities


You were on level 4 of the Dungeon.
You visited 1 branch of the dungeon, and saw 2 of its levels.

You collected 13 gold pieces.

Inventory:

Hand Weapons
 a - a +0 spear
 g - a +2 vorpal quarterstaff (weapon)
Wands
 f - a wand of digging (3)
 h - a wand of charming (10)
Scrolls
 b - a scroll of fog
 c - a scroll of magic mapping
 d - a scroll of fear
 i - a scroll of teleportation {unknown}
Potions
 e - a potion of haste


   Skills:
 + Level 3.2 Fighting
 + Level 2.0(2.2) Polearms
 * Level 1.1(1.8) Staves
 + Level 2.1 Dodging
 * Level 8.9 Stealth


You had 4 spell levels left.
You didn't know any spells.
Your spell library was empty.

Dungeon Overview and Level Annotations

Branches:
Dungeon (5/15)
 Temple: D:4-7

Altars:


Innate Abilities, Weirdness & Mutations

You cannot wear most types of armour.
You are amphibious.
You can wear up to eight rings at the same time.
Your skin changes colour to match your surroundings (Stealth+).
Your rubbery body absorbs attacks. (AC +1, EV +1)
((You are camouflaged when in or above water. (Stealth+)))
You have tentacles for arms and can constrict up to eight enemies at once.


Message History

Your squeeze misses the goblin.
The goblin is severely wounded.
The adder hisses angrily.
The goblin hits you but does no damage.
You sock the goblin!
You kill the goblin!
You hit the adder. You grab the adder.
The adder is heavily wounded.
You constrict the adder. The adder closely misses you.
You barely miss the adder.
The adder is severely wounded.
You constrict the adder. The adder bites you. The adder completely misses you.
You sock the adder!
You kill the adder!
You have reached level 5!
You feel stronger.
HP restored.
h - a wand of charming (10)
i - a scroll labelled IDWIRR QAFICAI You open the door.
An acid dragon comes into view.
Found a stone staircase leading up.
There is an open door here.
The helpless acid dragon fails to defend itself.
You thump the acid dragon!
The acid dragon is moderately wounded.
The acid dragon misses you. x2
You closely miss the acid dragon.
The acid dragon is moderately wounded.
The acid dragon barely misses you. The acid dragon claws you.
You barely miss the acid dragon.
The acid dragon is moderately wounded.
The acid dragon bites you! The acid dragon claws you.
The acid dragon bites you!
* * * LOW HITPOINT WARNING * * *
The acid dragon claws you.
* * * LOW HITPOINT WARNING * * *
The acid dragon spits acid at you. The splash of acid hits you!
You die...

...... .#
###......##+##....###.##
..........+..#....+....#
..........#..#....#....#
..........#..+....#....#
.........##..#....#..###
#......##..#..........
.##.......#....###.###..
.......@..'....#.....#
..........#....#.)...#..
......D..#####...>†.....
.........#.....#.....#.#
.........#.....#.....#..
.##......#.....###.### .
#......# ..... ... .
........# ###..
##..###+# ..


You could see an acid dragon (catching breath).

Vanquished Creatures
  A phantom (D:5)
  A hound (D:5)
  2 adders (D:4)
  A goblin (D:4)
5 creatures vanquished.

Notes
Turn   | Place    | Note
-------+----------+-------------------------------------------
     0 | D:5      | purpskrrrp the Octopode Delver began the quest for the Orb.
     0 | D:5      | Reached XP level 1. HP: 16/16 MP: 1/1
    21 | D:5      | Identified a scroll of acquirement
    21 | D:5      | Acquired a +2 vorpal quarterstaff
    76 | D:5      | Noticed a phantom
    84 | D:5      | Killed a phantom
    85 | D:5      | Reached skill level 1 in Staves
    85 | D:5      | Reached skill level 8 in Stealth
    85 | D:5      | Reached XP level 2. HP: 18/21 MP: 2/2
    85 | D:5      | Reached XP level 3. HP: 23/26 MP: 3/3
    85 | D:5      | Reached XP level 4. HP: 27/31 MP: 4/4
   180 | D:4      | Reached XP level 5. HP: 35/36 MP: 5/5
   202 | D:4      | Noticed an acid dragon
   210 | D:4      | Killed from afar by an acid dragon

Illustrated notes

Levels and vault maps discovered:
D:4:      layout_gridville, lemuel_tele_altar, st_stairs_3, uniq_eustachio
D:5:      minmay_evil_eye, layout_basic, serial_shops, nicolae_diamond_shop,
          shop_fountains, shop, shop, nicolae_shop_advertising_works
          [nicolae_subvault_shop_adworks]

Skill      XL: |  1 |
---------------+----+-----
Staves         | 1 |  1.1
Stealth        | 8 |  8.9
Fighting       | |  3.2
Polearms       | |  2.0
Dodging        | |  2.1

Action                   |  1- 3 |  4- 6 || total
-------------------------+-------+-------++-------
Melee: Quarterstaff      |     4 |    10 ||    14
       Tentacles         |     2 |     1 ||     3
       Constrict         |       |     1 ||     1
  Use: Scroll            |     1 |       ||     1
 Stab: Sleeping          |       |     3 ||     3
Armor: Skin              |       |     1 ||     1
Dodge: Dodged            |     3 |     6 ||     9

Table legend: (Time is in decaauts)
 A = Elapsed time spent in this place.
 B = Non-inter-level travel time spent in this place.
 C = Inter-level travel time spent in this place.
 D = Time resting spent in this place.
 E = Time spent auto-exploring this place.
 F = Levels seen in this place.
 G = Mean time per level.
                   A        B        C        D        E       F      G
               +--------+--------+--------+--------+--------+-----+--------+
         Total |    212 |    212 |      0 |      0 |     46 |   2 |  106.0 |
       Dungeon |    212 |    212 |      0 |      0 |     46 |   2 |  106.0 |
               +--------+--------+--------+--------+--------+-----+--------+

Top non-repeatable levels by time:
     D:5: 173 daAuts
     D:4: 38 daAuts
